 Dungeon Crawl Stone Soup version 0.30-a0-989-g0d87f670db (webtiles) character file.

Game seed: 18284887133471591300

123 Maxmaps the Changer (level 4, -6/32 HPs)
             Began as a Demonspawn Transmuter on Apr 4, 2023.
             Mangled by Crazy Yiuf
             ... wielding a +4 quarterstaff of chaos
              (10 damage)
             ... on level 3 of the Dungeon.
             The game lasted 00:03:24 (2837 turns).

Maxmaps the Changer (Demonspawn Transmuter)         Turns: 2837, Time: 00:03:25

Health: -6/32      AC:  2    Str: 11    XL:     4   Next: 79%
Magic:  2/7        EV: 19    Int: 16    God:
Gold:   125        SH:  0    Dex: 18    Spells: 3/7 levels left

rFire   . . .      SeeInvis .    m - melded +0 dagger (venom)
rCold   . . .      Faith    .    j - melded +0 buckler
rNeg    . . .      Spirit   .    a - melded +0 robe
rPois   x          Reflect  .    (helmet currently unavailable)
rElec   .          Rampage  .    (cloak currently unavailable)
rCorr   .                        (gloves currently unavailable)
Will    .....                    h - melded +0 pair of boots
Stlth   ++                       (no amulet)
HPRegen 0.25/turn                (no ring)
MPRegen 0.10/turn                (no ring)

@: spider-form, very slightly contaminated
A: venomous fangs, tiny, (antennae 1)
a: End Transformation


You were on level 3 of the Dungeon.
You were a venomous arachnid creature.
You visited 1 branch of the dungeon, and saw 3 of its levels.

You collected 174 gold pieces.
You spent 49 gold pieces at shops.

Inventory:

Hand Weapons
 m - a +0 dagger of venom (melded)
Armour
 a - a +0 robe (melded)
 h - a +0 pair of boots (melded)
 j - a +0 buckler (melded)
 l - a +0 helmet
Jewellery
 r - an amulet of the acrobat
Scrolls
 e - 7 scrolls of identify {unknown}
 g - a scroll of blinking {unknown}
 k - 3 scrolls of magic mapping {unknown}
 p - a scroll of teleportation {unknown}
 s - a scroll of poison {unknown}
 t - 2 scrolls of enchant armour {unknown}
Potions
 b - a potion of lignification
 c - a potion of invisibility {unknown}
 d - 2 potions of haste
 f - 3 potions of curing {unknown}
 i - a potion of flight {unknown}
 n - a potion of mutation {unknown}
 o - a potion of ambrosia {unknown}
 q - 2 potions of cancellation {unknown}


   Skills:
 - Level 1.0 Fighting
 - Level 1.7 Dodging
 - Level 2.6 Unarmed Combat
 - Level 2.0 Spellcasting
 - Level 4.0 Transmutations
 + Level 2.2 Poison Magic


You had 3 spell levels left.
You knew the following spells:

 Your Spells              Type           Power      Damage    Failure   Level
a - Beastly Appendage     Tmut           28%        N/A       13%         1
b - Spider Form           Tmut/Pois      11%        N/A       36%         3

Your spell library contained the following spells:

 Spells                   Type           Power      Damage    Failure   Level
 Wereblood                Tmut           14%        N/A       17%         2
 Olgreb's Toxic Radiance  Pois           8%         N/A       82%         4
 Ice Form                 Ice/Tmut       8%         N/A       83%         4
 Ozocubu's Refrigeration  Ice            0%         4d7       100%        7
 Ignition                 Fire           0%         3d3       100%        8


Dungeon Overview and Level Annotations

Branches:
Dungeon (3/15)

Altars:
Ru

Shops:
D:2 =**=?

Annotations:
D:3 Crazy Yiuf


Innate Abilities, Weirdness & Mutations

You are a venomous arachnid creature.
You have venomous fangs.
You are tiny and dextrous.
Your spellcasting is less reliable in this form.
Your armour is entirely melded.
You are incapable of wielding weapons or throwing items.
((You have a pair of small antennae on your head.))


Message History

Could not explore, unopened runed door.
No reachable target in view!
No reachable target in view!
Casting: Beastly Appendage (safe; 5% risk of failure)
Confirm with . or Enter, or press ? or * to list all spells.
The spell is quite dangerous to miscast (24% risk of failure)!
Continue anyway?
You miscast Spider Form.
You are very lightly contaminated with residual magic.
Nothing appears to happen.
Crazy Yiuf shouts!
Unknown command.
Casting: Spider Form (quite dangerous; 24% risk of failure)
Confirm with . or Enter, or press ? or * to list all spells.
The spell is quite dangerous to miscast (24% risk of failure)!
Continue anyway?
You turn into a venomous arachnid creature.
Your +0 dagger of venom melds into your body.
Your +0 pair of boots melds into your body.
Your +0 buckler melds into your body.
Your +0 robe melds into your body.
Your +0 dagger of venom stops dripping with poison.
You open the door. You bite Crazy Yiuf!
Crazy Yiuf is poisoned.
Crazy Yiuf is moderately wounded.
Crazy Yiuf hits you with a +4 quarterstaff of chaos!
You convulse.
You hit Crazy Yiuf but do no damage.
Crazy Yiuf is heavily wounded.
Crazy Yiuf hits you with a +4 quarterstaff of chaos!
* * * LOW HITPOINT WARNING * * *
Crazy Yiuf burns you.
* * * LOW HITPOINT WARNING * * *
You barely miss Crazy Yiuf.
Crazy Yiuf is heavily wounded.
Crazy Yiuf closely misses you.
Unknown command.
Crazy Yiuf attacks as you move away! Crazy Yiuf misses you.
Crazy Yiuf attacks as you move away! Crazy Yiuf barely misses you.
You completely miss Crazy Yiuf.
Crazy Yiuf is severely wounded.
Crazy Yiuf hits you with a +4 quarterstaff of chaos!
You die...

......##.# #####
#.........#...
##.#####.# #)..#
#...##.#..#.##
#.#####.# #...#
#...##.#..#.##
#.......# ...
#).^.........)
######.## #'#
#.#.#####...## #.#
♣.♣♣ #.#.........##
#)# ♣♣.♣
#.########...# #.#
♣g♣♣ #...# #.#.#
#.## ♣♣s♣ #...#
#.#.# #..# ♣♣.♣♣
#...# #.... ####
♣♣.P.♣ #...# ###.#
♣.♣..♣ #...####
###.# #....#
#......# #.>.#
######....########.#
#.###
#........###.#####.#
#.#
#.#.#.#.........##.#
#.#
#.#.#.##.##..#..##.#
#.#


You could see Crazy Yiuf (very poisoned).

Vanquished Creatures
  Terence (D:3)
  4 adders (D:3)
  A worm (D:2)
  3 ball pythons
  2 bats (D:3)
  8 endoplasms
  2 giant cockroaches
  8 goblins
  6 hobgoblins
  3 jackals (D:2)
  2 quokkas
  2 frilled lizards
  9 kobolds (D:2)
  8 rats
59 creatures vanquished.

Vanquished Creatures (others)
  4 fungi (D:3)
4 creatures vanquished.

Grand Total: 63 creatures vanquished

Notes
Turn   | Place    | Note
-------+----------+-------------------------------------------
     0 | D:1      | Maxmaps the Demonspawn Transmuter began the quest for the
                  | Orb.
     0 | D:1      | Reached XP level 1. HP: 15/15 MP: 3/3
   100 | D:1      | Reached skill level 2 in Transmutations
   317 | D:1      | Gained mutation: You have a pair of small antennae on your
                  | head. [demonic ancestry]
   317 | D:1      | Reached XP level 2. HP: 17/21 MP: 5/5
   951 | D:2      | Found a sacrificial altar of Ru.
  1015 | D:2      | Found Litiadd's General Store.
  1022 | D:2      | Bought a +0 buckler for 49 gold pieces
  1169 | D:2      | Reached skill level 3 in Transmutations
  1218 | D:2      | Found Guggaap's Assorted Antiques.
  1259 | D:2      | Reached XP level 3. HP: 20/26 MP: 6/6
  1459 | D:2      | Found Meagut's Jewellery Shoppe.
  1582 | D:2      | Found Lintejy's Jewellery Boutique.
  1620 | D:2      | Learned a level 3 spell: Spider Form
  1662 | D:2      | Found Couwust's Magic Scroll Emporium.
  2088 | D:3      | Reached XP level 4. HP: 32/32 MP: 7/7
  2097 | D:3      | Reached skill level 4 in Transmutations
  2228 | D:3      | Reached skill level 1 in Poison Magic
  2448 | D:3      | Found a runed translucent door.
  2449 | D:3      | Noticed Crazy Yiuf
  2710 | D:3      | Noticed Terence
  2719 | D:3      | Killed Terence
  2837 | D:3      | Mangled by Crazy Yiuf

Illustrated notes

Levels and vault maps discovered:
D:1:      evilmike_arrival_plus, layout_basic, minivault_14
D:2:      layout_loops_ring, serial_shops, shop, nicolae_shop_trees, shop, shop,
          shop_fountains, basic_altar, minmay_goblin_kobold_house
D:3:      layout_loops_cross, uniq_terence, uniq_crazy_yiuf_cottage

Skill      XL: |  1  2  3  4 |
---------------+-------------+-----
Transmutations | 2 3 4 |  4.0
Poison Magic   | 2 |  2.2
Fighting       | |  1.0
Dodging        | |  1.7
Unarmed Combat | |  2.6
Spellcasting   | |  2.0

Action                     |  1- 3 |  4- 6 || total
---------------------------+-------+-------++-------
  Melee: Unarmed           |    51 |     4 ||    55
         Headbutt          |     2 |       ||     2
         Kick              |    10 |       ||    10
         Punch             |     1 |       ||     1
         Dagger            |    88 |    74 ||   162
   Cast: Beastly Appendage |    16 |       ||    16
         Spider Form       |       |     1 ||     1
   Stab: Sleeping          |     3 |       ||     3
 Armour: Robe              |    27 |    23 ||    50
  Dodge: Dodged            |    71 |    52 ||   123
  Block: Buckler           |    16 |    14 ||    30

Table legend: (Time is in decaauts)
 A = Elapsed time spent in this place.
 B = Non-inter-level travel time spent in this place.
 C = Inter-level travel time spent in this place.
 D = Time resting spent in this place.
 E = Time spent auto-exploring this place.
 F = Levels seen in this place.
 G = Mean time per level.
                   A        B        C        D        E       F      G
               +--------+--------+--------+--------+--------+-----+--------+
         Total |   2843 |   2777 |     66 |    164 |   2131 |   3 |  947.7 |
       Dungeon |   2843 |   2777 |     66 |    164 |   2131 |   3 |  947.7 |
               +--------+--------+--------+--------+--------+-----+--------+

Top non-repeatable levels by time:
     D:2: 975 daAuts
     D:1: 946 daAuts
     D:3: 921 daAuts
